 Dungeon Crawl Stone Soup version 0.27-a0-972-gd1521fd518 (webtiles) character file.

Game seed: 16692352684451141056

235 runemasterragnar the Skirmisher (level 6, -2/47 HPs)
             Began as a Djinni Monk on Apr 14, 2021.
             Was a Priest of Makhleb.
             Killed by nerve-wracking pain
             ... invoked by Grinder
              (13 damage)
             ... while paralysed by Grinder
             ... on level 3 of the Dungeon.
             The game lasted 00:06:54 (3832 turns).

runemasterragnar the Skirmisher (Djinni Monk)       Turns: 3832, Time: 00:06:55

Health: -2/47      AC:  2    Str: 11    XL:     6   Next: 5%
Gold:   141        EV: -1    Int: 11    God:    Makhleb [***...] SH:  0 Dex: 17

rFire    + + .     SeeInvis .     - Unarmed
rCold    x . .     Faith    .   (no shield)
rNeg     . . .     Spirit   .   (no armour)
rPois    ∞         Reflect  .   i - +0 helmet
rElec    .         Harm     .   o - +0 cloak
rCorr    .         Rampage  .   (no gloves)
Will     .....                  (boots unavailable)
Stlth    ++........             (no amulet)
HPRegen  0.15/turn              (no ring)
MPRegen  0.00/turn              (no ring)

@: paralysed, flying, slowed, constricted
A: fire resistance 2, cold vulnerability 1, float, innate caster, hp casting,
extra vitality 1
a: Renounce Religion, Minor Destruction, Lesser Servant of Makhleb


You were on level 3 of the Dungeon.
You worshipped Makhleb.
Makhleb was most pleased with you.
You visited 1 branch of the dungeon, and saw 3 of its levels.

You collected 141 gold pieces.

Inventory:

Hand Weapons
 b - a +1 spear of venom
Armour
 a - a +0 robe
 i - a +0 helmet (worn)
 l - a +2 robe
 o - a +0 cloak (worn)
Jewellery
 n - a ring of flight
Scrolls
 c - a scroll of fear {unknown}
 e - a scroll of blinking
 h - a scroll of teleportation {unknown}
 j - a scroll of identify {unknown}
 p - a scroll of vulnerability {unknown}
Potions
 d - a potion of attraction {unknown}
 f - 2 potions of haste
 g - a potion of flight
 k - a potion of magic
 m - a potion of berserk rage {unknown}


   Skills:
 * Level 4.2 Fighting
 + Level 4.1 Dodging
 + Level 2.5 Stealth
 - Level 3.5 Unarmed Combat
 - Level 1.3 Spellcasting
 * Level 2.2 Invocations


You had 4 spell levels left.
You knew the following spells:

 Your Spells              Type           Power      Damage    Failure   Level
a - Sting                 Tmut/Pois      12%        1d3       19%         1
b - Ensorcelled Hibernat  Hex/Ice        6%         N/A       28%         2
Your spell library was empty.

Dungeon Overview and Level Annotations

Branches:
Dungeon (3/15)

Altars:
Makhleb

Annotations:
D:3 Grinder, Natasha


Innate Abilities, Weirdness & Mutations

You are immune to poison.
Your flesh is very heat resistant. (rF++)
You are vulnerable to cold. (rC-)
You float through the air rather than walking.
You learn spells naturally, not from books.
Your magical power is your life essence.
You have superior vitality. (+4 HP)


Message History

Okay, then.
Unknown command.
Unknown command.
Grinder comes into view.
Okay, then.
Unknown command.
Unknown command.
Unknown command.
Press: ? - help, Shift-Dir - straight line, f - ball python
Aim: a ball python The ball python struggles to resist.
A goblin comes into view. It is wielding a +0 dagger.
Unknown command.
A demon appears!
It doesn't seem very happy.
Blink to where?
Press: ? - help, Dir - move target, p - ball python
As you read the scroll labelled ENUXTO JINOMN, it crumbles to dust.
It was a scroll of blinking.
Found a stone staircase leading up.
Natasha, Servant of Life and Death comes into view.
Natasha hisses angrily.
Natasha stares at you and mumbles some strange words.
You feel yourself slow down.
Natasha casts a spell.
Grinder gestures at you.
You suddenly lose the ability to move!
Natasha casts a spell at you. The magic dart hits you!
The goblin hits you with a +0 dagger. Grinder hits you.
You writhe in agony.
The ball python bites you. The ball python grabs you.
The ball python constricts you. The goblin hits you with a +0 dagger.
Grinder hits you.
You writhe in agony.
* * * LOW HITPOINT WARNING * * *
The ball python bites you but does no damage.
The ball python constricts you. The goblin hits you with a +0 dagger.
* * * LOW HITPOINT WARNING * * *
Grinder gestures at you. Pain shoots through your body!
You die...

##....##.#.#...... .....
.#####.
.##..............##.....
## .. ...
...........#..... '####
.................
..#.##..................
..'..#..................
.)#.##..................
'####..........5...5....
..#......)....3g@h#.....
.##............S........
'#......................
.......§...........#####
...................#
....†..............#
#.....####........##
####### ##......## ####


You could see Grinder, a neqoxec (summoned), Natasha, a white imp (summoned), a
goblin and a ball python.

Vanquished Creatures
  A hound (D:2)
  Jessica (D:3)
  An iguana (D:3)
  An orc wizard (D:2)
  Robin (D:2)
  14 orcs
  5 ball pythons
  5 endoplasms
  2 giant cockroaches (D:1)
  11 hobgoblins
  10 jackals
  3 kobolds
  2 quokkas
  5 bats
  5 frilled lizards
  18 goblins
  4 rats
89 creatures vanquished.

Vanquished Creatures (others)
  2 plants (D:2)
2 creatures vanquished.

Grand Total: 91 creatures vanquished

Notes
Turn   | Place    | Note
-------+----------+-------------------------------------------
     0 | D:1      | runemasterragnar the Djinni Monk began the quest for the
                  | Orb.
     0 | D:1      | Reached XP level 1. HP: 20/20 MP: 0/0
   242 | D:1      | HP: 1/20 [ball python (2)]
   727 | D:1      | Reached XP level 2. HP: 25/25 MP: 0/0
  1113 | D:1      | Reached XP level 3. HP: 19/30 MP: 0/0
  1113 | D:1      | Learned a level 1 spell: Sting
  1302 | D:1      | Reached skill level 1 in Spellcasting
  1833 | D:2      | Found a burning altar of Makhleb.
  1847 | D:2      | Became a worshipper of Makhleb the Destroyer
  1847 | D:2      | Reached * piety under Makhleb
  1847 | D:2      | Reached ** piety under Makhleb
  1894 | D:2      | Noticed Robin
  1972 | D:2      | Reached XP level 4. HP: 19/35 MP: 0/0
  2066 | D:2      | Killed Robin
  2858 | D:2      | Reached skill level 1 in Invocations
  2858 | D:2      | Reached XP level 5. HP: 17/41 MP: 0/0
  2858 | D:2      | Learned a level 2 spell: Ensorcelled Hibernation
  3111 | D:3      | Noticed Jessica
  3120 | D:3      | Killed Jessica
  3143 | D:3      | Reached *** piety under Makhleb
  3531 | D:3      | Reached XP level 6. HP: 19/47 MP: 0/0
  3822 | D:3      | Noticed Grinder
  3824 | D:3      | Noticed a neqoxec
  3826 | D:3      | Noticed Natasha
  3829 | D:3      | Paralysed by Grinder for 7 turns
  3832 | D:3      | Killed from afar by Grinder

Illustrated notes

Levels and vault maps discovered:
D:1:      dpeg_arrival_rooms_c, layout_basic
D:2:      layout_loops_cross, basic_altar, serial_bayou_pond_a, dk_vineyard_3,
          uniq_robin
D:3:      cheibrodos_greedy_goblins, layout_rooms,
          nicolae_overflow_hidden_temple,
          shapermc_ecumenical_altar_mp_highgroup, uniq_grinder, uniq_jessica,
          uniq_natasha

Skill      XL: |  1  2  3  4  5 |
---------------+----------------+-----
Spellcasting   | 1 |  1.3
Stealth        | 2 |  2.5
Invocations    | 1 2 |  2.2
Dodging        | 4 |  4.1
Fighting       | 4 |  4.2
Unarmed Combat | |  3.5

Action                   |  1- 3 |  4- 6 || total
-------------------------+-------+-------++-------
Melee: Spear             |   117 |    81 ||   198
       Unarmed           |       |    40 ||    40
 Cast: Sting             |     1 |    20 ||    21
Invok: Minor Destruction |     5 |    13 ||    18
       Lesser Servant of |       |     1 ||     1
  Use: Potion            |       |     5 ||     5
       Scroll            |       |     1 ||     1
 Stab: Sleeping          |     4 |     3 ||     7
Armor: Robe              |    24 |    26 ||    50
       Skin              |       |     7 ||     7
Dodge: Dodged            |    81 |    87 ||   168

Table legend: (Time is in decaauts)
 A = Elapsed time spent in this place.
 B = Non-inter-level travel time spent in this place.
 C = Inter-level travel time spent in this place.
 D = Time resting spent in this place.
 E = Time spent auto-exploring this place.
 F = Levels seen in this place.
 G = Mean time per level.
                   A        B        C        D        E       F      G
               +--------+--------+--------+--------+--------+-----+--------+
         Total |   3830 |   3781 |     49 |   1371 |   1746 |   3 | 1276.7 |
       Dungeon |   3830 |   3781 |     49 |   1371 |   1746 |   3 | 1276.7 |
               +--------+--------+--------+--------+--------+-----+--------+

Top non-repeatable levels by time:
     D:1: 1679 daAuts
     D:2: 1437 daAuts
     D:3: 714 daAuts
